 Dungeon Crawl Stone Soup version 0.28.0-43-g3370ac3207 (webtiles) character file.

Game seed: 14472109523633966120

42 tizbic2 the Stinger (level 3, -3/26 HPs)
             Began as a Demigod Venom Mage on Mar 4, 2022.
             Slain by a bullfrog skeleton (6 damage)
             ... on level 2 of the Dungeon.
             The game lasted 00:07:37 (1430 turns).

tizbic2 the Stinger (Demigod Venom Mage)            Turns: 1430, Time: 00:07:38

Health: -3/26      AC:  2    Str: 13    XL:     3   Next: 19%
Magic:  9/9        EV: 12    Int: 17    God:
Gold:   22         SH:  0    Dex: 14    Spells: 3/6 levels left

rFire   . . .      SeeInvis .   q - +0 war axe
rCold   . . .      Faith    .   (no shield)
rNeg    . . .      Spirit   .   b - +0 robe
rPois   .          Reflect  .   (no helmet)
rElec   .          Harm     .   (no cloak)
rCorr   .          Rampage  .   (no gloves)
Will    .....                   (no boots)
Stlth   ++........              (no amulet)
HPRegen 0.08/turn               (no ring)
MPRegen 0.11/turn               (no ring)

@: no status effects
A: high MP 1, forlorn, divine attributes
a: no special abilities


You were on level 2 of the Dungeon.
You visited 1 branch of the dungeon, and saw 2 of its levels.

You collected 22 gold pieces.

Inventory:

Hand Weapons
 q - a +0 war axe (weapon)
 w - a +0 hunting sling
Missiles
 c - 12 stones
 f - 3 poisoned darts
Armour
 b - a +0 robe (worn)
Scrolls
 a - a scroll of fog {unknown}
Potions
 g - a potion of might {unknown}


   Skills:
 - Level 1.7 Dodging
 - Level 1.7 Stealth
 + Level 2.3 Spellcasting
 - Level 0.8 Transmutations
 * Level 3.7 Poison Magic


You had 3 spell levels left.
You knew the following spells:

 Your Spells              Type           Power      Damage    Failure   Level
a - Sting                 Tmut/Pois      36%        1d4       8%          1
b - Poisonous Vapours     Pois/Air       16%        N/A       13%         2

Your spell library contained the following spells:

 Spells                   Type           Power      Damage    Failure   Level
 Mephitic Cloud           Conj/Pois/Air  6%         N/A       34%         3
 Olgreb's Toxic Radiance  Pois           14%        N/A       38%         4


Dungeon Overview and Level Annotations

Branches:
Dungeon (2/15)


Innate Abilities, Weirdness & Mutations

You have an increased reservoir of magic. (+10% MP)
You shall have no god before yourself.
Your divine heritage dramatically boosts your attributes as you level up.


Message History

You kill the ball python!
q - a +0 war axe (weapon)
You barely miss the bullfrog skeleton. The bullfrog skeleton hits you. x2
You hit the bullfrog skeleton.
The bullfrog skeleton is lightly damaged.
The bullfrog skeleton hits you but does no damage.
The bullfrog skeleton misses you.
You hit the bullfrog skeleton.
The bullfrog skeleton is lightly damaged.
The bullfrog skeleton barely misses you. x2
You completely miss the bullfrog skeleton.
The bullfrog skeleton is lightly damaged.
The bullfrog skeleton hits you but does no damage.
The bullfrog skeleton hits you.
You hit the bullfrog skeleton.
The bullfrog skeleton is lightly damaged.
The bullfrog skeleton closely misses you.
The bullfrog skeleton hits you.
You slash the bullfrog skeleton!
The bullfrog skeleton is heavily damaged.
The bullfrog skeleton hits you.
The bullfrog skeleton closely misses you.
You barely miss the bullfrog skeleton.
The bullfrog skeleton is heavily damaged.
The bullfrog skeleton hits you but does no damage.
The bullfrog skeleton hits you.
You hit the bullfrog skeleton.
The bullfrog skeleton is severely damaged.
The bullfrog skeleton hits you but does no damage.
The bullfrog skeleton barely misses you.
You hit the bullfrog skeleton.
The bullfrog skeleton is severely damaged.
The bullfrog skeleton hits you.
* * * LOW HITPOINT WARNING * * *
The bullfrog skeleton hits you.
* * * LOW HITPOINT WARNING * * *
You hit the bullfrog skeleton.
The bullfrog skeleton is almost destroyed.
The bullfrog skeleton hits you.
You die...

........# ######## #......#
#......# #......#####.####.#
#............# #.# ####
#............# #.# #...
#............# #.####.##
#......#####.# #......#
####......#####.......######
..........Z@..♣.♣..>#.......
###.....#.###.♣.♣##.#..###.#
#..(.?#.# ♣.♣ #.#..# #.♣
#.....#.# ♣.♣ #.#..# ♣..
#.......# ..#..♣♣♣.P
#........ !...♣♣♣.P.
#.....### P.♣.. #.....#
♣....P♣ #...... ♣P.♣.♣♣


You could see a bullfrog skeleton.

Vanquished Creatures
  An adder (D:2)
  A dart slug (D:2)
  4 ball pythons
  4 bats
  3 endoplasms
  2 hobgoblins (D:2)
  7 jackals (D:1)
  A frilled lizard (D:1)
  A goblin (D:2)
  3 kobolds
  2 rats
29 creatures vanquished.

Notes
Turn   | Place    | Note
-------+----------+-------------------------------------------
     0 | D:1      | tizbic2 the Demigod Venom Mage began the quest for the Orb.
     0 | D:1      | Reached XP level 1. HP: 14/14 MP: 5/5
   181 | D:1      | Reached skill level 3 in Poison Magic
   264 | D:1      | Reached XP level 2. HP: 20/20 MP: 4/7
   913 | D:2      | HP: 1/20 [poisoned by an adder]
   914 | D:2      | Reached XP level 3. HP: 1/26 MP: 3/9
  1187 | D:2      | Learned a level 2 spell: Poisonous Vapours
  1430 | D:2      | Slain by a bullfrog skeleton

Illustrated notes

Levels and vault maps discovered:
D:1:      dpeg_arrival_round_c, layout_rooms, serial_corexii_hall,
          chequers_hall_statues_y, chequers_hall_statues_corner_a,
          ebering_ecumenical_altar_webs, nrook_mini_backslash,
          corexii_leaking_fountain, kennysheep_flooded_box
D:2:      layout_basic, serial_forest, infiniplex_forest_clump_C,
          infiniplex_forest_diagonal, infiniplex_forest_clump_small,
          infiniplex_forest_straight_2, infiniplex_forest_side_room,
          infiniplex_forest_lined_room_2, infiniplex_forest_clump_small,
          infiniplex_forest_clump_medium

Skill      XL: |  1 |
---------------+----+-----
Spellcasting   | 2 |  2.3
Poison Magic   | 3 |  3.7
Dodging        | |  1.7
Stealth        | |  1.7
Transmutations | |  0.8

Action                   || total
-------------------------++-------
Melee: Mace              ||    27
       War axe           ||    10
       Hunting sling     ||     1
 Fire: Hunting sling     ||    21
 Cast: Sting             ||    23
       Poisonous Vapours ||     6
  Use: Potion            ||     2
Armor: Robe              ||    10
Dodge: Dodged            ||    43
